 Dungeon Crawl Stone Soup version 0.30-a0-6-g7c9e10e132 (webtiles) character file.

Game seed: 16879951284315225972

42 Flugkiller the Trooper (level 3, 0/33 HPs)
             Began as a Minotaur Fighter on Aug 22, 2022.
             Killed from afar by Sigmund (2 damage)
             ... with a puff of flame
             ... on level 2 of the Dungeon.
             The game lasted 00:00:35 (856 turns).

Flugkiller the Trooper (Minotaur Fighter)            Turns: 856, Time: 00:00:35

Health: 0/33       AC:  7    Str: 20    XL:     3   Next: 35%
Magic:  2/2        EV:  9    Int:  5    God:
Gold:   9          SH:  0    Dex: 11    Spells: 2/2 levels left

rFire   . . .      SeeInvis .    a - +0 war axe
rCold   . . .      Faith    .    c - +0 buckler
rNeg    . . .      Spirit   .    b - +0 scale mail
rPois   .          Reflect  .    (helmet restricted)
rElec   .          Harm     .    (no cloak)
rCorr   .          Rampage  .    (no gloves)
Will    .....                    (no boots)
Stlth   ..........               (no amulet)
HPRegen 0.11/turn                (no ring)
MPRegen 0.08/turn                (no ring)

@: confused
A: horns 2, retaliatory headbutt
a: no special abilities


You were on level 2 of the Dungeon.
You visited 1 branch of the dungeon, and saw 2 of its levels.

You collected 9 gold pieces.

Inventory:

Hand Weapons
 a - a +0 war axe (weapon)
Armour
 b - a +0 scale mail (worn)
 c - a +0 buckler (worn)
Jewellery
 j - a ring of wizardry
   (You found it on level 1 of the Dungeon)
Scrolls
 f - 3 scrolls of identify {unknown}
 h - a scroll of enchant weapon {unknown}
Potions
 d - a potion of might
 e - a potion of attraction {unknown}
 i - a potion of heal wounds {unknown}
 q - 2 potions of curing


   Skills:
 + Level 4.1 Fighting
 * Level 3.7 Axes
 + Level 4.1 Armour
 - Level 3.6 Shields


You had 2 spell levels left.
You didn't know any spells.
Your spell library was empty.

Dungeon Overview and Level Annotations

Branches:
Dungeon (2/15)

Altars:

Annotations:
D:2 Sigmund


Innate Abilities, Weirdness & Mutations

You have a pair of horns on your head.
You reflexively headbutt those who attack you in melee.


Message History

No target in view!
No target in view!
No target in view!
No target in view!
No target in view!
No target in view!
You see here a rat corpse.
Found a scale mail.
You now have 9 gold pieces.
Things that are here:
a +0 short sword; a hobgoblin corpse; a kobold corpse You see here a +0 club.
You open the door.
There is an open door here.
There is an open door here.
You open the door.
There is an open door here.
Done exploring.
Done exploring.
Done exploring.
No target in view!
No target in view!
No target in view!
No target in view!
No target in view!
(D) Dungeon
Where to? (? - help)
There is an open door here.
There is an open door here.
There is a stone staircase leading down here.
You climb downwards.
Sigmund shouts!
Found a stone staircase leading down.
There is a stone staircase leading up here.
Sigmund is nearby!
Sigmund is nearby!
Sigmund is nearby!
Sigmund is nearby!
Sigmund gestures at you while chanting.
You are confused.
Sigmund casts a spell at you.
You are more confused.
You are too confused!
You are too confused!
Sigmund gestures at you while chanting.
You are more confused.
You are too confused!
You are too confused!
Sigmund barely misses you.
You are too confused!
You are too confused!
Sigmund hits you with a +0 scythe.
You are too confused!
You are too confused!
You're too confused to move!
Sigmund barely misses you.
You miss Sigmund.
You are too confused!
Sigmund gestures at you while chanting. The magic dart hits you.
You are too confused!
Sigmund closely misses you.
You are too confused!
Sigmund casts a spell at you. The puff of flame hits you.
Sigmund hits you from afar with a +0 scythe.
Sigmund hits you with a +0 scythe.
You are too injured to fight recklessly!
You slash Sigmund! You headbutt Sigmund.
Sigmund is severely wounded.
Sigmund drinks a potion.
Sigmund is healed!
q - 2 potions of curing Sigmund gestures at you while chanting.
You are more confused.
You are too injured to fight recklessly!
You are too injured to fight recklessly!
You're too confused to move!
Sigmund barely misses you.
Sigmund points at you and mumbles some strange words.
You resist with significant effort.
You miss Sigmund. Your headbutt misses Sigmund.
Sigmund is moderately wounded.
Sigmund casts a spell at you.
You are more confused.
You barely miss Sigmund.
Sigmund is moderately wounded.
Sigmund gestures wildly while chanting.
Sigmund flickers and vanishes!
Deactivating autopickup; reactivate with Ctrl-A.
Something hits you.
You are too injured to fight recklessly!
You are too injured to fight recklessly!
You bump into the rock wall.
Something hits you.
* * * LOW HITPOINT WARNING * * *
You hear some strange, mumbled words.
A puff of flame appears from out of thin air!
The puff of flame hits you!
* * * LOW HITPOINT WARNING * * *
Something hits you but does no damage.
A puff of flame appears from out of thin air!
The puff of flame hits you.
You die...

#..# ... .## #.#
.... ##.## # #...
##...####.###
#..###...>.......
#..@.......##.#
#.##..........# #
#..{....##.#
##.....## ##..<##
#####


There were no monsters in sight!

Vanquished Creatures
  6 ball pythons (D:1)
  5 endoplasms (D:1)
  3 giant cockroaches (D:1)
  3 goblins (D:1)
  4 hobgoblins (D:1)
  A quokka (D:1)
  3 bats (D:1)
  4 frilled lizards (D:1)
  4 kobolds (D:1)
  5 rats (D:1)
38 creatures vanquished.

Notes
Turn   | Place    | Note
-------+----------+-------------------------------------------
     0 | D:1      | Flugkiller the Minotaur Fighter began the quest for the
                  | Orb.
     0 | D:1      | Reached XP level 1. HP: 19/19 MP: 0/0
   159 | D:1      | Reached XP level 2. HP: 27/27 MP: 1/1
   582 | D:1      | Reached XP level 3. HP: 33/33 MP: 2/2
   829 | D:2      | Noticed Sigmund
   856 | D:2      | Killed from afar by Sigmund

Illustrated notes

Levels and vault maps discovered:
D:1:      dpeg_arrival_orchard, layout_basic, minmay_bisected
D:2:      layout_loops_ring, serial_shops, nicolae_shop_stone,
          nicolae_ecumenical_pavilion, minmay_hexomino_f4, uniq_sigmund,
          uniq_terence, uniq_jessica

Skill      XL: |  1  2 |
---------------+-------+-----
Axes           | 3 |  3.7
Fighting       | 4 |  4.1
Armour         | 4 |  4.1
Shields        | |  3.6

Action                   || total
-------------------------++-------
Melee: War axe           ||    76
       Headbutt          ||     6
Armor: Scale mail        ||    42
Dodge: Dodged            ||    30
Block: Buckler           ||    26

Table legend: (Time is in decaauts)
 A = Elapsed time spent in this place.
 B = Non-inter-level travel time spent in this place.
 C = Inter-level travel time spent in this place.
 D = Time resting spent in this place.
 E = Time spent auto-exploring this place.
 F = Levels seen in this place.
 G = Mean time per level.
                   A        B        C        D        E       F      G
               +--------+--------+--------+--------+--------+-----+--------+
         Total |    884 |    847 |     37 |      0 |    639 |   2 |  442.0 |
       Dungeon |    884 |    847 |     37 |      0 |    639 |   2 |  442.0 |
               +--------+--------+--------+--------+--------+-----+--------+

Top non-repeatable levels by time:
     D:1: 856 daAuts
     D:2: 28 daAuts
